 Dungeon Crawl Stone Soup version 0.29.1-2-gbd0b4ee654 (webtiles) character file.

Game seed: 10605803428753896995

103 MrSixtyFour the Caller (level 4, -9/24 HPs)
             Began as a Deep Elf Summoner on Nov 25, 2022.
             Mangled by a gnoll
             ... wielding a +0 halberd
             ... led by a gnoll bouda
              (16 damage)
             ... on level 4 of the Dungeon.
             The game lasted 00:15:16 (3421 turns).

MrSixtyFour the Caller (Deep Elf Summoner)          Turns: 3421, Time: 00:15:16

Health: -9/24      AC:  2    Str:  5    XL:     4   Next: 51%
Magic:  8/12       EV: 12    Int: 22    God:
Gold:   125        SH:  0    Dex: 15    Spells: 8/11 levels left

rFire   . . .      SeeInvis .   (no weapon)
rCold   . . .      Faith    .   (no shield)
rNeg    . . .      Spirit   .   a - +0 robe
rPois   .          Reflect  .   (no helmet)
rElec   .          Harm     .   (no cloak)
rCorr   .          Rampage  .   (no gloves)
Will    .....                   (no boots)
Stlth   ++........              (no amulet)
HPRegen 0.08/turn               (no ring)
MPRegen 0.13/turn               (no ring)

@: invisible
A: no striking features
a: no special abilities


You were on level 4 of the Dungeon.
You visited 1 branch of the dungeon, and saw 4 of its levels.

You collected 125 gold pieces.

Inventory:

Armour
 a - a +0 robe (worn)
 r - a +0 helmet
Jewellery
 h - a ring of resist corrosion
 n - a ring of protection from fire
Scrolls
 c - a scroll of identify
 f - 2 scrolls of teleportation
Potions
 b - a potion of magic
 d - a potion of haste {unknown}
 g - a potion of lignification
 k - 2 potions of ambrosia
 p - 2 potions of might
 q - a potion of degeneration {unknown}
 u - a potion of mutation {unknown}


   Skills:
 + Level 2.5 Dodging
 + Level 2.5 Stealth
 + Level 0.1 Unarmed Combat
 + Level 4.4 Spellcasting
 * Level 0.4 Hexes
 + Level 5.7 Summonings


You had 8 spell levels left.
You knew the following spells:

 Your Spells              Type           Power      Damage    Failure   Level
b - Call Canine Familiar  Summ           30%        N/A       3%          3

Your spell library contained the following spells:

 Spells                   Type           Power      Damage    Failure   Level
 Summon Small Mammal      Summ           100%       N/A       1%          1
 Call Imp                 Summ           30%        N/A       1%          2
 Summon Guardian Golem    Hex/Summ       18%        N/A       9%          3
 Apportation              Tloc           8%         N/A       11%         1
 Tukima's Dance           Hex            6%         N/A       26%         3
 Summon Lightning Spire   Summ/Air       17%        N/A       32%         4
 Passage of Golubria      Tloc           4%         N/A       71%         4
 Yara's Violent Unravell  Hex/Tmut       2%         3d3       95%         5
 Alistair's Intoxication  Tmut/Pois      2%         N/A       96%         5


Dungeon Overview and Level Annotations

Branches:
Dungeon (4/15)
 Temple: D:4-7

Altars:
Vehumet


Message History

Press: ? - help, Dir - move target
As you read the scroll of blinking, it crumbles to dust.
The gnoll is no longer moving quickly.
The gnoll throws a throwing net.
The throwing net closely misses you.
You hear the slow rusting of a very distant drain.
The gnoll bouda barks out a call to the hunt!
The gnolls pick up the pace!
Casting: Call Canine Familiar (quite dangerous; 3% risk of failure)
Confirm with . or Enter, or press ? or * to list all spells.
The spell is quite dangerous to miscast (3% risk of failure)!
Continue anyway?
The gnoll hits you with a +0 flail.
The gnoll bouda gazes fiercely through you!
You feel your attacks grow feeble.
Your hound barely misses the gnoll.
Your hound barely misses the gnoll.
The gnoll hits your hound with a +0 flail.
The gnoll bouda is engulfed in blazing flames.
You open the door.
Your attacks no longer feel as feeble.
The gnoll closely misses you.
Your hound bites the gnoll but does no damage.
The gnoll bouda is engulfed in blazing flames.
The gnoll bouda dies!
The gnoll hits your hound with a +0 flail!
The gnoll misses you. The gnoll attacks as you move away!
The gnoll barely misses you.
Your hound bites the gnoll.
The gnoll hits you with a +0 flail.
* * * LOW HITPOINT WARNING * * *
Your hound bites the gnoll but does no damage.
The gnoll closely misses your hound.
There is an open door here.
Your hound barely misses the gnoll.
The gnoll hits your hound with a +0 flail!
Your hound dies!
Your hound's corpse disappears in a puff of smoke!
You fade into invisibility!
The gnoll is no longer moving quickly.
The gnoll hits you from afar with a +0 halberd!
Ouch! That really hurt!
You die...

######## ###......###### ##
#####........'....# #.
#............####.# #. ###
#.......>......##.# #. #.#
##............#.##.###. #$#
### #.....@.......#.##.....
#.. ..#
#.####g#......#.######. #5#
#.# #.# #..g..#..).........
#.# #.#
#.###.....#...#.######.
#.#####.###.##(.§.#.#...#.#
#..
#...........##.g.☼......# #
#.#
#######.######☼☼...+##..#.#
#.# .....
.§?_)...#..#.#####.#
#.##.###
##...☼☼..#...$...<...


You could see 3 gnolls.

Vanquished Creatures
  A frilled lizard (D:3)
1 creature vanquished.

Vanquished Creatures (collateral kills)
  A hound (D:2)
  An adder (D:4)
  A dart slug (D:1)
  An orc (D:3)
  3 bats
  6 endoplasms
  9 goblins
  8 hobgoblins
  2 jackals (D:4)
  2 quokkas
  3 ball pythons
  3 frilled lizards
  7 kobolds
  A rat (D:2)
48 creatures vanquished.

Vanquished Creatures (others)
  A gnoll bouda (D:4)
  A demonic plant (D:1)
2 creatures vanquished.

Grand Total: 51 creatures vanquished

Notes
Turn   | Place    | Note
-------+----------+-------------------------------------------
     0 | D:1      | MrSixtyFour the Deep Elf Summoner began the quest for the
                  | Orb.
     0 | D:1      | Reached XP level 1. HP: 10/10 MP: 6/6
   426 | D:1      | Reached XP level 2. HP: 15/15 MP: 4/8
   983 | D:1      | Found a faded altar of an unknown god.
   983 | D:1      | Noticed an ice devil
  1265 | D:2      | Reached skill level 5 in Summonings
  1607 | D:2      | Reached XP level 3. HP: 19/19 MP: 7/10
  1626 | D:2      | Learned a level 3 spell: Call Canine Familiar
  2418 | D:2      | Reached XP level 4. HP: 12/24 MP: 1/12
  3386 | D:4      | Found a radiant altar of Vehumet.
  3421 | D:4      | Mangled by a gnoll

Illustrated notes

Levels and vault maps discovered:
D:1:      ncdulo_lavacross, layout_loops_ring,
          dreamdust_ecumenical_altar_sealed_demon, minivault_26, minmay_cut_off
D:2:      layout_basic
D:3:      layout_loops_cross
D:4:      layout_basic, fiery_altar_vehumet, cheibrodos_sewer_entry_sluice

Skill      XL: |  1  2  3 |
---------------+----------+-----
Summonings     | 5 |  5.7
Spellcasting   | 4 |  4.4
Dodging        | |  2.5
Stealth        | |  2.5
Unarmed Combat | |  0.1
Hexes          | |  0.4

Action                   |  1- 3 |  4- 6 || total
-------------------------+-------+-------++-------
Melee: Unarmed           |    13 |     3 ||    16
 Cast: Summon Small Mamm |    60 |     6 ||    66
       Call Canine Famil |     9 |     9 ||    18
  Use: Scroll            |       |    14 ||    14
       Potion            |       |     2 ||     2
Armor: Robe              |     3 |     6 ||     9
Dodge: Dodged            |    37 |    23 ||    60
